 Dungeon Crawl Stone Soup version 0.30-a0-728-gc68057be0a (webtiles) character file.

Game seed: 9869421064767700918

9172 Newt the Basher (level 11, 0/64 (77) HPs)
             Began as a Demonspawn Gladiator on Jan 31, 2023.
             Was a Priest of Hepliaklqana.
             Slain by a spectral orc warrior
             ... wielding a +0 short sword
             ... summoned by Nergalle
              (1 damage)
             ... on level 10 of the Dungeon.
             The game lasted 00:10:04 (8029 turns).

Newt the Basher (Demonspawn Gladiator)              Turns: 8029, Time: 00:10:04

HP:   0/64 (77)     AC: 12    Str: 24    XL:     11   Next: 19%
MP:   11/11         EV: 17    Int: 18    God:    Hepliaklqana [***...]
Gold: 281           SH:  0    Dex: 15    Spells: 10/10 levels left

rFire   x . .      SeeInvis +    O - +0 demon whip (venom)
rCold   . . .      Faith    .    (no shield)
rNeg    . . .      Spirit   .    I - +2 ring mail "Dotaciw" {rF- Regen+ Int+2 Slay+3}
rPois   .          Reflect  .    z - +0 helmet {SInv}
rElec   .          Harm     .    B - +0 cloak
rCorr   .          Rampage  .    (no gloves)
Will    .....                    v - +0 pair of boots
Stlth   +                        (no amulet)
HPRegen 2.10/turn                k - +5 ring of evasion
MPRegen 0.12/turn                L - +6 ring of strength

@: heavily drained
A: reduced essence, powered by death 1, spiny 2, big brain 3, demonic touch 1
a: Renounce Religion, Recall Ancestor, Ancestor Identity, Transference


You were on level 10 of the Dungeon.
You worshipped Hepliaklqana.
Hepliaklqana was most pleased with you.
You visited 2 branches of the dungeon, and saw 11 of its levels.

You collected 506 gold pieces.
You spent 225 gold pieces at shops.

Inventory:

Hand Weapons
 a - a +0 rapier
 f - a +1 flail of draining
 u - a +3 flail of electrocution
 O - a +0 demon whip of venom (weapon)
Missiles
 e - a javelin (quivered)
 t - 19 poisoned darts
 x - 5 boomerangs of dispersal
 y - 5 boomerangs
 M - 2 silver boomerangs
 N - a curare-tipped dart
 P - 2 throwing nets
Armour
 b - a +0 leather armour
 c - a +0 helmet
 g - a +1 helmet
 i - a +2 robe of cold resistance
 v - a +0 pair of boots (worn)
 z - a +0 helmet of see invisible (worn)
 A - +0 pearl dragon scales
 B - a +0 cloak (worn)
 G - a +2 hat of willpower
 I - the +2 ring mail "Dotaciw" (worn) {rF- Regen+ Int+2 Slay+3}
   (You bought it in a shop on level 8 of the Dungeon)

   Int:       It affects your intelligence (+2).
   Slay:      It affects your accuracy & damage with ranged weapons and melee
   (+3).
   rF:        It makes you vulnerable to fire.
   Regen:     It increases your rate of health regeneration.
Jewellery
 k - a +5 ring of evasion (left hand)
 L - a +6 ring of strength (right hand)
Wands
 o - a wand of flame (10)
 F - a wand of iceblast (17)
Scrolls
 d - a scroll of blinking
 j - a scroll of amnesia
 J - a scroll of fog
Potions
 h - 3 potions of haste
 l - 2 potions of heal wounds
 m - a potion of lignification
 n - a potion of attraction
 q - a potion of cancellation
 r - 2 potions of brilliance {unknown}
 s - 3 potions of curing {unknown}
 w - a potion of degeneration {unknown}
 C - a potion of might {unknown}
 D - a potion of flight {unknown}
 E - a potion of experience {unknown}
 H - 2 potions of ambrosia {unknown}
 K - a potion of berserk rage


   Skills:
 - Level 8.0 Fighting
 - Level 2.6 Short Blades
 - Level 12.0 Maces & Flails
 - Level 1.7 Throwing
 + Level 7.8 Armour
 - Level 2.6 Dodging
 - Level 2.0 Stealth


You had 10 spell levels left.
You didn't know any spells.
Your spell library contained the following spells:

 Spells                   Type           Power      Damage    Failure   Level
 Apportation              Tloc           0%         N/A       13%         1
 Shock                    Conj/Air       0%         1d3       13%         1
 Slow                     Hex            0%         N/A       13%         1
 Ensorcelled Hibernation  Hex/Ice        0%         N/A       19%         2
 Call Canine Familiar     Summ           0%         N/A       34%         3
 Confusing Touch          Hex            0%         N/A       34%         3
 Ozocubu's Armour         Ice            0%         N/A       34%         3
 Portal Projectile        Hex/Tloc       0%         N/A       34%         3
 Spider Form              Tmut/Pois      0%         N/A       34%         3
 Swiftness                Air            0%         N/A       34%         3
 Tukima's Dance           Hex            0%         N/A       34%         3
 Vampiric Draining        Necr           0%         2d6       34%         3
 Airstrike                Air            0%         2d(0-16)  75%         4
 Anguish                  Hex/Necr       0%         N/A       75%         4
 Leda's Liquefaction      Hex/Erth       0%         N/A       75%         4
 Alistair's Intoxication  Tmut/Pois      0%         N/A       96%         5
 Blade Hands              Tmut           0%         N/A       96%         5
 Metabolic Englaciation   Hex/Ice        0%         N/A       96%         5
 Simulacrum               Ice/Necr       0%         N/A       100%        6


Dungeon Overview and Level Annotations

Branches:
Dungeon (10/15)            Temple (1/1) D:5            Lair (0/5) D:8
    Orc (0/2) D:10

Altars:
Ashenzari
Cheibriados
Dithmenos
Fedhas
Gozag
Hepliaklqana
Kikubaaqudgha
Makhleb
Nemelex Xobeh
Okawaru
Qazlal
Ru
Sif Muna
Trog
Uskayaw
Vehumet
Wu Jian
Xom
Yredelemnul

Shops:
D:8 [   D:9 ::

Annotations:
D:9 3 runed translucent doors, Darkkill's ghost, novice MiHu
D:10 Nergalle


Innate Abilities, Weirdness & Mutations

Your life essence is reduced to manifest your ancestor. (-10% HP)
You regenerate a little health from kills.
You are mostly covered in sharp spines.
You have an absolutely massive brain. (Int +6, Wiz)
Your touch may inflict minor irresistible damage on your foes.


Message History

You whack the orc warrior!
The orc warrior is poisoned.
The orc warrior is heavily wounded.
You whack the orc warrior!
You kill the orc warrior!
The orc is struck by your spines.
You kill the orc!
Nergalle casts a spell at you. The bolt of negative energy hits you!!
You feel drained.
Things that are here:
a +0 glaive; a +0 chain mail You hit Nergalle but do no damage.
Nergalle is poisoned.
You hit Nergalle but do no damage. Nergalle casts a spell at you.
Orcish apparitions take form around you.
You hit Nergalle. Your touch misses Nergalle.
Nergalle is lightly wounded.
You whack Nergalle!
You touch Nergalle!
Nergalle is heavily wounded.
Nergalle is struck by your spines. Nergalle completely misses you.
The spectral orc warlord completely misses you.
You hit Nergalle. Your touch misses Nergalle.
Nergalle is heavily wounded.
You hit Nergalle.
Nergalle looks as sick as possible!
Nergalle is heavily wounded.
The spectral orc warrior is struck by your spines.
The spectral orc warrior closely misses you.
The spectral orc warrior misses you. Nergalle closely misses you.
You hit Nergalle.
Nergalle looks as sick as possible!
Nergalle is severely wounded.
The spectral orc warlord hits you with a +0 heavy great mace!!
* * * LOW HITPOINT WARNING * * *
You feel drained.
* * * LOW HITPOINT WARNING * * *
You barely miss Nergalle.
You touch Nergalle!
Nergalle is almost dead.
The spectral orc warrior is struck by your spines.
The spectral orc warrior hits you with a +0 short sword.
* * * LOW HITPOINT WARNING * * *
You feel drained.
You die...

#.......# ........#
........# ..........#
...:.>...# ...$.....#
......ZZ### #.....o@..# .#
#.....Z)#.######## .#
#.......#...)....# .
##.......#.######.# .
##...######.# #.# ##
##.....## #.#### #.# .##
##o......## #....###.#
..####.o.......###.....##.#
..Z§.Z.........'........#)#


You could see Nergalle (extremely poisoned), 2 spectral orc warriors and a
spectral orc warlord (summoned).

Vanquished Creatures
  Erica (D:8)
  2 two-headed ogres
  Amaemon (D:9)
  An orange demon (D:9)
  A troll (D:10)
  2 hornets
  Sigmund (D:4)
  8 yaks
  Eustachio (D:5)
  Grum (D:8)
  Edmund (D:4)
  5 water moccasins
  2 ice beasts
  A sky beast (D:6)
  2 orc warriors (D:10)
  2 black bears
  4 wolves (D:8)
  A centaur (D:7)
  2 kobold brigands (D:8)
  6 bullfrogs
  2 necrophages
  A gnoll sergeant (D:6)
  3 scorpions
  8 wights
  A killer bee (D:8)
  2 orc priests (D:4)
  A jelly (D:5)
  2 hounds
  6 iguanas
  2 orc wizards
  Ijyb (D:3)
  Robin (D:2)
  18 gnolls
  3 adders
  A shadow imp (D:6)
  A white imp (D:5)
  An ufetubus (D:5)
  2 worms
  4 dart slugs
  40 orcs
  6 ball pythons
  4 bats
  4 endoplasms
  2 giant cockroaches
  14 hobgoblins
  19 kobolds
  4 quokkas
  7 frilled lizards
  16 goblins
  6 rats
227 creatures vanquished.

Vanquished Creatures (collateral kills)
  A spriggan (D:7)
  A shadow (D:9)
  A water moccasin (D:8)
  A sky beast (D:7)
  A bullfrog (D:8)
  A howler monkey (D:7)
  3 orcs (D:8)
  2 kobolds (D:8)
11 creatures vanquished.

Vanquished Creatures (others)
  9 fungi (D:8)
  15 plants
24 creatures vanquished.

Grand Total: 262 creatures vanquished

Notes
Turn   | Place    | Note
-------+----------+-------------------------------------------
     0 | D:1      | Newt the Demonspawn Gladiator began the quest for the Orb.
     0 | D:1      | Reached XP level 1. HP: 16/16 MP: 1/1
    15 | D:1      | Reached skill level 1 in Stealth
    23 | D:1      | Gained mutation: You have an unusually large brain. (Int
                  | +2) [demonic ancestry]
    23 | D:1      | Reached XP level 2. HP: 11/22 MP: 2/2
   434 | D:1      | Reached XP level 3. HP: 14/28 MP: 3/3
  1233 | D:2      | Noticed Robin
  1256 | D:2      | Reached XP level 4. HP: 15/37 MP: 4/4
  1268 | D:2      | Killed Robin
  1601 | D:2      | Reached skill level 1 in Maces & Flails
  1910 | D:3      | Noticed Ijyb
  1918 | D:3      | Killed Ijyb
  1919 | D:3      | Reached skill level 2 in Maces & Flails
  1919 | D:3      | Gained mutation: You are partially covered in sharp spines.
                  | [demonic ancestry]
  1919 | D:3      | Reached XP level 5. HP: 29/42 MP: 5/5
  2260 | D:3      | Reached skill level 3 in Maces & Flails
  3024 | D:4      | Gained mutation: You have an extremely huge brain. (Int +4)
                  | [demonic ancestry]
  3024 | D:4      | Reached XP level 6. HP: 37/48 MP: 6/6
  3030 | D:4      | Reached skill level 4 in Maces & Flails
  3063 | D:4      | Noticed Sigmund
  3067 | D:4      | Noticed a hornet
  3077 | D:4      | Killed a hornet
  3078 | D:4      | Reached skill level 5 in Maces & Flails
  3078 | D:4      | Gained mutation: You regenerate a little health from kills.
                  | [demonic ancestry]
  3078 | D:4      | Reached XP level 7. HP: 23/54 MP: 7/7
  3486 | D:4      | Killed Sigmund
  3487 | D:4      | Reached skill level 6 in Maces & Flails
  4159 | D:4      | Noticed Edmund
  4177 | D:4      | Killed Edmund
  4178 | D:4      | Reached skill level 7 in Maces & Flails
  4640 | D:5      | Entered Level 5 of the Dungeon
  4685 | D:5      | Gained mutation: You have an absolutely massive brain. (Int
                  | +6, Wiz) [demonic ancestry]
  4685 | D:5      | Reached XP level 8. HP: 43/60 MP: 8/8
  4851 | D:5      | Reached skill level 8 in Maces & Flails
  4904 | D:5      | Reached skill level 1 in Armour
  4928 | D:5      | Noticed Eustachio
  4952 | D:5      | Killed Eustachio
  5057 | D:5      | Found a staircase to the Ecumenical Temple.
  5128 | Temple   | Entered the Ecumenical Temple
  5211 | Temple   | Became a worshipper of Hepliaklqana the Forgotten
  5392 | D:6      | Noticed a two-headed ogre
  5402 | D:6      | Killed a two-headed ogre
  5403 | D:6      | Reached skill level 5 in Armour
  5403 | D:6      | Reached skill level 9 in Maces & Flails
  5403 | D:6      | Gained mutation: Your touch may inflict minor irresistible
                  | damage on your foes. [demonic ancestry]
  5403 | D:6      | Reached XP level 9. HP: 46/65 MP: 9/9
  5606 | D:6      | Identified the +1 rapier of Terror {venom, MP+9}
  5832 | D:6      | Found Loch's Weapon Shoppe.
  6238 | D:7      | Reached * piety under Hepliaklqana
  6278 | D:7      | Reached skill level 10 in Maces & Flails
  6365 | D:7      | Reached skill level 11 in Maces & Flails
  6385 | D:7      | Found a broken altar of Ashenzari.
  6389 | D:7      | Found an ancient bone altar of Kikubaaqudgha.
  6392 | D:7      | Found a shadowy altar of Dithmenos.
  6394 | D:7      | Found a sacrificial altar of Ru.
  6394 | D:7      | Found a burning altar of Makhleb.
  6394 | D:7      | Found a bloodstained altar of Trog.
  6394 | D:7      | Found a snail-covered altar of Cheibriados.
  6394 | D:7      | Found an iron altar of Okawaru.
  6395 | D:7      | Found a sparkling altar of Nemelex Xobeh.
  6396 | D:7      | Found a shimmering altar of Xom.
  6397 | D:7      | Found an opulent altar of Gozag.
  6398 | D:7      | Found a hide-covered altar of Uskayaw.
  6399 | D:7      | Found a basalt altar of Yredelemnul.
  6593 | D:7      | Reached XP level 10. HP: 63/63 MP: 10/10
  6782 | D:8      | Noticed Erica
  6792 | D:8      | Killed Erica
  6793 | D:8      | Reached skill level 12 in Maces & Flails
  6793 | D:8      | Found a staircase to the Lair.
  6800 | D:8      | Reached skill level 5 in Fighting
  6837 | D:8      | Found Kaujil Mall's Antique Armour Shop.
  6840 | D:8      | Noticed Grum
  6855 | D:8      | Killed Grum
  6861 | D:8      | Bought an ichor-stained ring mail for 225 gold pieces
  6861 | D:8      | Identified the +2 ring mail "Dotaciw" {rF- Regen+ Int+2
                  | Slay+3} (You bought it in a shop on level 8 of the Dungeon)
  7009 | D:8      | Reached ** piety under Hepliaklqana
  7013 | D:8      | Remembered your ancestor Baqqanum as a hexer
  7384 | D:9      | Noticed a two-headed ogre
  7385 | D:9      | Found Vuakips's Vocational Training.
  7389 | D:9      | Killed a two-headed ogre
  7454 | D:9      | Found Boing's Book Shop.
  7485 | D:9      | Found a runed translucent gate.
  7486 | D:9      | Found a runed translucent gate.
  7486 | D:9      | Found a runed translucent gate.
  7487 | D:9      | Found an opulent altar of Gozag.
  7488 | D:9      | Noticed Darkkill's ghost (novice MiHu)
  7489 | D:9      | Noticed an elephant
  7489 | D:9      | Noticed Amaemon
  7490 | D:9      | Noticed an orange demon
  7497 | D:9      | Killed Amaemon
  7501 | D:9      | an elephant changed into a two-headed ogre
  7501 | D:9      | Noticed a two-headed ogre (shapeshifter)
  7503 | D:9      | Killed an orange demon
  7504 | D:9      | Gained mutation: You are mostly covered in sharp spines.
                  | [demonic ancestry]
  7504 | D:9      | Reached XP level 11. HP: 61/77 MP: 11/11
  7754 | D:9      | You fall into a shaft and drop 1 floor!
  7754 | D:10     | Entered Level 10 of the Dungeon
  7869 | D:10     | Reached *** piety under Hepliaklqana
  7901 | D:10     | Noticed Nergalle
  7908 | D:10     | Noticed a spectral orc warlord
  7925 | D:10     | Found a staircase to the Orcish Mines.
  7926 | D:10     | HP: 3/69 [poisoned by a spectral orc warlord]
  8024 | D:10     | Noticed a spectral orc warlord
  8029 | D:10     | HP: 1/65 [spectral orc warrior/+0 short sword[Nergalle]
                  | (4)]
  8029 | D:10     | Slain by a spectral orc warrior

Illustrated notes

Levels and vault maps discovered:
D:1:      lightli_arrival_chessboard, layout_loops_ring, serial_forest,
          infiniplex_forest_straight_4, infiniplex_forest_lined_3,
          infiniplex_forest_split, infiniplex_forest_straight_1,
          infiniplex_forest_clump_large
D:2:      layout_rooms, uniq_robin
D:3:      layout_basic, uniq_ijyb
D:4:      layout_basic, uniq_sigmund, uniq_edmund
D:5:      layout_rooms, temple_doors_cd, uniq_eustachio
D:6:      layout_basic, serial_shops, nicolae_shop_bloodbath_and_beyond
D:7:      layout_loops_ring, minitemple, the_hattery
D:8:      layout_cave_pools, due_lair_maze_entry_diamond, serial_shops, shop,
          uniq_grum, uniq_erica
D:9:      layout_irregular_city, ebering_ghost_gozag, serial_shops, shop,
          nicolae_shop_vocational, uniq_amaemon
D:10:     layout_loops_corners, orc_david_3, uniq_joseph, uniq_nergalle
Temple:   nicolae_temple_colour_theory

Skill      XL: |  1  2  3  4  5  6  7  8  9 10 11 |
---------------+----------------------------------+-----
Stealth        | 2 |  2.0
Fighting       | 3 4 8 |  8.0
Maces & Flails | 2 3 5 7 9 11 12 | 12.0
Armour         | 5 6 7 |  7.8
Short Blades   | |  2.6
Throwing       | |  1.7
Dodging        | |  2.6

Action                     |  1- 3 |  4- 6 |  7- 9 | 10-12 || total
---------------------------+-------+-------+-------+-------++-------
  Melee: Rapier            |    45 |       |       |       ||    45
         Punch             |     1 |       |     2 |       ||     3
         Flail             |    59 |   105 |   231 |    93 ||   488
         Touch             |       |       |    19 |    30 ||    49
         Demon whip        |       |       |       |    61 ||    61
  Throw: Throwing net      |     2 |     3 |     1 |       ||     6
         Dart              |       |     2 |     5 |       ||     7
 Invoke: Ancestor Life: He |       |       |       |     1 ||     1
    Use: Scroll            |     4 |     5 |     4 |     3 ||    16
         Potion            |     2 |       |       |     1 ||     3
   Stab: Sleeping          |     3 |     5 |     1 |       ||     9
         Held in net/web   |       |     2 |     1 |       ||     3
         Distracted        |       |       |     1 |     1 ||     2
         Confused          |       |       |       |     2 ||     2
 Armour: Leather armour    |    33 |    14 |    10 |       ||    57
         Skin              |    16 |     4 |       |       ||    20
         Pearl dragon scal |       |       |    59 |    17 ||    76
         Ring mail         |       |       |       |    17 ||    17
  Dodge: Dodged            |    77 |    88 |   159 |   118 ||   442

Table legend: (Time is in decaauts)
 A = Elapsed time spent in this place.
 B = Non-inter-level travel time spent in this place.
 C = Inter-level travel time spent in this place.
 D = Time resting spent in this place.
 E = Time spent auto-exploring this place.
 F = Levels seen in this place.
 G = Mean time per level.
                   A        B        C        D        E       F      G
               +--------+--------+--------+--------+--------+-----+--------+
         Total |   8040 |   7792 |    248 |   1819 |   4554 |  11 |  730.9 |
       Dungeon |   7942 |   7723 |    219 |   1819 |   4490 |  10 |  794.2 |
        Temple |     97 |     69 |     28 |      0 |     64 |   1 |   97.0 |
               +--------+--------+--------+--------+--------+-----+--------+

Top non-repeatable levels by time:
     D:3: 1488 daAuts
     D:4: 1434 daAuts
     D:1: 1140 daAuts
     D:6: 908 daAuts
     D:2: 643 daAuts
     D:7: 611 daAuts
     D:8: 513 daAuts
     D:5: 503 daAuts
     D:9: 447 daAuts
    D:10: 251 daAuts
  Temple: 97 daAuts
